 Dungeon Crawl Stone Soup version 0.20.1-1-g8b1a95d (webtiles) character file.

18326 Monsterracer the Gouger (level 12, 59/59 HPs)
             Began as a Felid Artificer on Aug 20, 2017.
             Was a High Priest of Trog.
             Quit the game on level 6 of the Lair of Beasts.
             The game lasted 01:14:37 (27583 turns).

Monsterracer the Gouger (Felid Artificer)          Turns: 27583, Time: 01:14:38

Health: 59/59      AC:  3    Str:  8    XL:     12   Next: 26%
Magic:  20/20      EV: 31    Int: 14    God:    Trog [*****.]
Gold:   992        SH:  0    Dex: 20    Spells: 11/11 levels left
                                        Lives:  0   Deaths: 3

rFire    . . .     SeeInvis +     - Unarmed
rCold    + . .     Gourm    .   (shield unavailable)
rNeg     . . .     Faith    .   (armour unavailable)
rPois    +         Spirit   .   (helmet unavailable)
rElec    .         Reflect  .   (cloak unavailable)
rCorr    .         Harm     .   (gloves unavailable)
MR       ++...                  (boots unavailable)
Stlth    ++++++....             (no amulet)
Regen    0.2/turn               c - ring of poison resistance
MPRegen  0.2/turn               s - ring of protection from magic

@: quick
A: no armour, no weapons or thrown items, stealth, claws 1, fangs 3, see
invisible, carnivore 3, speed 1, shaggy fur 3, slow metabolism 1, sharp paws
a: Berserk, Trog's Hand, Brothers in Arms, Burn Spellbooks, Renounce Religion


You were on level 6 of the Lair of Beasts.
You worshipped Trog.
Trog was extremely pleased with you.
You were not hungry.

You visited 2 branches of the dungeon, and saw 17 of its levels.
You also visited: Ossuary and Ice Cave.

You collected 1154 gold pieces.
You spent 162 gold pieces at shops.

Inventory:

Jewellery
 c - a ring of poison resistance (left paw)
 g - an uncursed ring of resist corrosion
 s - a ring of protection from magic (right paw)
 B - an uncursed ring of flight
 C - an uncursed ring of protection from cold
Wands
 a - a wand of flame (8/48)
 b - a wand of flame (27/48)
 k - a wand of iceblast (7/15)
 m - a wand of iceblast (8/15)
 z - a wand of lightning (5/15)
 E - a wand of disintegration (3/24)
 H - a wand of clouds (5/9)
 K - a wand of enslavement (9/24)
 Z - a wand of digging (3/24)
Scrolls
 e - 9 scrolls of remove curse
 i - a scroll of blinking
 x - 2 scrolls of fear
 y - 5 scrolls of magic mapping
 A - 3 scrolls of teleportation
 D - a scroll of recharging
 F - 5 scrolls of identify
 I - a scroll of summoning
Potions
 f - 3 potions of haste
 h - a potion of invisibility
 j - 4 potions of magic
 n - 5 potions of heal wounds
 o - 3 potions of might
 p - 11 potions of curing
 q - 2 potions of flight
 r - 7 potions of lignification
 u - a potion of resistance
 v - 3 potions of brilliance
 w - 5 potions of berserk rage
Miscellaneous
 G - a phantom mirror
Comestibles
 d - 8 meat rations
 t - 3 royal jellies


   Skills:
 + Level 10.7 Fighting
 + Level 13.9 Dodging
 + Level 14.5 Stealth
 * Level 14.7 Unarmed Combat
 + Level 9.5 Evocations


You had 11 spell levels left.
You didn't know any spells.

Dungeon Overview and Level Annotations

Branches:
Dungeon (11/15)            Temple (0/1) D:6            Lair (6/6) D:9
 Shoals (0/4) Lair:4       Spider (0/4) Lair:2        Slime (0/5) Lair:5
    Orc (0/2) D:11

Altars:
Cheibriados
Makhleb
Nemelex Xobeh
Ru
Sif Muna
Trog
Vehumet
Zin
The Shining One
Beogh

Shops:
D:6 ?

Annotations:
D:2 Robin
Lair:6 1 runed door


Innate Abilities, Weirdness & Mutations

You cannot wear armour.
You are incapable of wielding weapons or throwing items.
Your paws allow you to move quietly. (Stealth)
You have sharp claws.
You have razor-sharp teeth.
You have supernaturally acute eyesight. (SInv)
You are carnivorous and can eat meat at any time.
You cover ground quickly.
Your thick and shaggy fur keeps you warm. (AC +3, rC+)
You have a slow metabolism.
Your sharp claws are effective at attacking unaware monsters.


Message History

You feel resistant to hostile enchantments.
You feel somewhat less full. The hornet stings you!
* * * LOW HITPOINT WARNING * * *
Your troll bites the torpor snail but does no damage.
Your troll claws the torpor snail!
Your troll claws the torpor snail!!
The torpor snail dies!
Trog accepts your kill. The lindwurm breathes flames at you.
The blast of flame hits you!
* * * LOW HITPOINT WARNING * * *
The hornet stings you!
You die...
The torpor snail bites you!!
Your troll barely misses the torpor snail.
Your troll claws the torpor snail!
Your troll completely misses the torpor snail.
You are now level 12!
You rejoin the land of the living...
Unknown command.
Are you sure you want to abandon this character and quit the game? (Confirm with "yes".)

.............#
...........P##
...........P#
..........<.#
............###
.......#P.....##
.......P.......#
.)###..........###
..######........@##
.....###........#.#
...##............###
.............#.....#
....#.........#...##
#..###........#....##
.#........##........#
.......P##.##.#...#.#
........###.#....####


There were no monsters in sight!

Vanquished Creatures
  Gastronok (Lair:1)
  An ice dragon (Lair:3)
  3 hydras
  2 two-headed ogres
  Urug (Lair:4)
  The ghost of manyhoops the Destroyer, a novice DgAE (D:8)
  A lindwurm (Lair:6)
  A faun (Lair:5)
  A merfolk siren (Lair:4)
  7 black mambas
  2 ice statues (IceCv)
  2 elephants (Lair:3)
  3 torpor snails (Lair:6)
  7 komodo dragons
  A centaur skeleton (D:10)
  A rime drake (Lair:4)
  15 spiny frogs
  6 ice devils
  A troll (D:9)
  7 hornets (Lair:6)
  Grinder (D:3)
  A raiju (Lair:6)
  3 tyrant leeches (Lair:6)
  29 blink frogs
  9 hippogriffs
  5 wraiths
  A redback (Lair:3)
  2 slime creatures (Lair:5)
  A spriggan (D:7)
  22 yaks
  2 wyverns
  A hungry ghost (D:9)
  A steam dragon (D:7)
  6 basilisks
  2 wargs
  An acid dragon (D:10)
  Duvessa (D:6)
  4 hell hounds (Lair:6)
  15 porcupines
  16 water moccasins
  A sky beast (D:8)
  6 black bears
  A necrophage (D:8)
  3 orc warriors
  3 killer bees (D:7)
  7 ogres
  3 phantoms
  An ice beast (D:7)
  10 wolves
  3 centaurs
  13 crocodiles
  A big kobold (D:8)
  12 bullfrogs
  A gnoll sergeant (D:10)
  A wyvern zombie (D:10)
  2 water moccasin zombies
  Dowan (D:6)
  3 scorpions
  7 crimson imps
  3 bullfrog zombies
  4 jellies
  A bullfrog skeleton (D:11)
  6 hounds
  Crazy Yiuf (D:2)
  10 orc priests
  A gnoll shaman (D:9)
  6 iguanas
  Terence (D:3)
  12 orc wizards
  5 worker ants
  4 hound zombies
  10 mummies (Ossuary)
  2 hound skeletons
  A howler monkey zombie (Ossuary)
  6 worker ant zombies
  11 gnolls
  7 adders
  A shadow imp (D:5)
  7 white imps (IceCv)
  7 ufetubi (IceCv)
  4 oozes
  2 adder skeletons
  3 adder zombies (Ossuary)
  A worm (D:2)
  5 dart slugs
  4 leopard geckos
  58 orcs
  11 bats
  5 giant cockroaches
  11 hobgoblins
  11 jackals
  11 kobolds
  3 quokkas
  2 ball pythons
  6 frilled lizards
  8 goblins
  A jackal zombie (Ossuary)
  3 quokka zombies (Ossuary)
  9 rats
530 creatures vanquished.

Vanquished Creatures (collateral kills)
  Josephine (Lair:4)
  5 hydras
  An elephant (Lair:3)
  A black mamba (Lair:6)
  A torpor snail (Lair:6)
  A spiny frog (Lair:2)
  2 ice devils (IceCv)
  A blink frog (Lair:6)
  A wraith (Lair:4)
  6 yaks
  2 porcupines (Lair:2)
  A killer bee (D:7)
  2 jackals (D:2)
25 creatures vanquished.

Vanquished Creatures (others)
  A reaper (IceCv)
  2 killer bees (D:7)
  5 white imps (IceCv)
  2 ufetubi (IceCv)
  A kobold (D:1)
  30 fungi
  30 plants
  6 withered plants (Ossuary)
77 creatures vanquished.

Grand Total: 632 creatures vanquished

Notes
Turn   | Place    | Note
-------+----------+-------------------------------------------
     0 | D:1      | Monsterracer the Felid Artificer began the quest for the Orb.
     0 | D:1      | Reached XP level 1. HP: 9/9 MP: 4/4
    99 | D:1      | HP: 4/9 [bat (1)]
   299 | D:1      | HP: 3/9 [dart slug/slug dart (6)]
   312 | D:1      | Reached XP level 2. HP: 3/12 MP: 5/5
  1262 | D:1      | Reached XP level 3. HP: 15/15 MP: 6/6
  1327 | D:2      | Found a bloodstained altar of Trog.
  1354 | D:1      | HP: 6/15 [jackal (2)]
  1533 | D:2      | HP: 6/16 [quokka (5)]
  1809 | D:2      | HP: 8/16 [worm (3)]
  1996 | D:2      | Became a worshipper of Trog the Wrathful
  2034 | D:2      | HP: 6/16 [ooze (5)]
  2491 | D:2      | Found a runed door.
  2555 | D:2      | Noticed Robin
  2680 | D:2      | HP: 7/16 [kobold/club (5)]
  2931 | D:2      | Reached * piety under Trog
  2934 | D:2      | Reached XP level 4. HP: 16/19 MP: 7/7
  3202 | D:2      | Noticed Crazy Yiuf
  3206 | D:2      | Killed Crazy Yiuf
  3389 | D:3      | Noticed Grinder
  3401 | D:3      | Paralysed by Grinder for 4 turns
  3402 | D:3      | HP: 1/19 [Grinder (10)]
  3402 | D:3      | Slain by Grinder
  3403 | D:3      | Reached XP level 3. HP: -2/16 MP: 6/6
  3450 | D:3      | Paralysed by Grinder for 3 turns
  3456 | D:3      | Killed Grinder
  3456 | D:3      | Reached XP level 4. HP: 20/20 MP: 7/7
  3456 | D:3      | Reached XP level 5. HP: 24/24 MP: 8/8
  3499 | D:3      | HP: 12/24 [hobgoblin/club (1)]
  3853 | D:3      | Gained mutation: You are covered in thick fur. (AC +2) [Felid growth]
  3853 | D:3      | Reached XP level 6. HP: 28/28 MP: 9/9
  3901 | D:3      | Noticed Terence
  3910 | D:3      | Killed Terence
  4021 | D:3      | Found a faded altar of an unknown god.
  4410 | D:4      | Reached ** piety under Trog
  4423 | D:4      | HP: 14/28 [poisoned by a worker ant]
  4428 | D:4      | HP: 13/28 [poisoned by a worker ant]
  4541 | D:4      | Found a snail-covered altar of Cheibriados.
  4544 | D:4      | Found a glowing golden altar of the Shining One.
  4699 | D:4      | Found a sand-covered staircase.
  4750 | Ossuary  | Entered an ossuary
  4770 | Ossuary  | Reached skill level 5 in Stealth
  4895 | Ossuary  | Reached XP level 7. HP: 31/31 MP: 10/10
  5048 | Ossuary  | Reached skill level 5 in Dodging
  5048 | Ossuary  | Reached skill level 5 in Unarmed Combat
  5490 | Ossuary  | HP: 13/31 [water moccasin zombie (5)]
  5712 | Ossuary  | Reached *** piety under Trog
  6050 | D:4      | Reached XP level 8. HP: 36/36 MP: 11/11
  6740 | D:5      | Entered Level 5 of the Dungeon
  6970 | D:5      | Found a sacrificial altar of Ru.
  7206 | D:5      | Found a deep blue altar of Sif Muna.
  7484 | D:6      | Found a sparkling altar of Nemelex Xobeh.
  7534 | D:6      | Found Pocupp's Magic Scroll Shoppe.
  7545 | D:6      | Bought 2 scrolls of magic mapping for 91 gold pieces
  7545 | D:6      | Bought a scroll of fear for 45 gold pieces
  7545 | D:6      | Bought a scroll of identify for 26 gold pieces
  7565 | D:6      | HP: 16/36 [centaur/arrow (8)]
  7566 | D:6      | HP: 5/36 [centaur/arrow (12)]
  7578 | D:6      | HP: 15/54 [centaur (1)]
  8048 | D:6      | Reached skill level 5 in Fighting
  8093 | D:6      | Found a radiant altar of Vehumet.
  8472 | D:6      | Noticed Dowan
  8475 | D:6      | Noticed Duvessa
  8481 | D:6      | Killed Dowan
  8488 | D:6      | Killed Duvessa
  8488 | D:6      | Reached XP level 9. HP: 40/40 MP: 12/12
  8544 | D:6      | Found a staircase to the Ecumenical Temple.
  8766 | D:7      | HP: 15/40 [killer bee (7)]
  8772 | D:7      | HP: 19/40 [poisoned by a killer bee]
  8878 | D:7      | Reached **** piety under Trog
  9675 | D:8      | Noticed a two-headed ogre
  9676 | D:8      | Noticed manyhoops's ghost (novice DgAE)
  9690 | D:8      | Killed manyhoops's ghost
  9698 | D:8      | Killed a two-headed ogre
  9698 | D:8      | Reached XP level 10. HP: 44/46 MP: 13/13
 10138 | D:8      | Reached ***** piety under Trog
 10266 | D:8      | Found a roughly hewn altar of Beogh.
 10291 | D:8      | Found a glowing silver altar of Zin.
 10375 | D:8      | Reached skill level 10 in Unarmed Combat
 10383 | D:8      | Reached skill level 10 in Stealth
 10593 | D:8      | Found a burning altar of Makhleb.
 10850 | D:8      | Found a sparkling altar of Nemelex Xobeh.
 11319 | D:9      | HP: 19/47 [orc priest/divine providence (14)]
 11326 | D:9      | HP: 26/70 [orc priest/mace (1)]
 11330 | D:9      | Found a staircase to the Lair.
 11774 | D:9      | You fall through a shaft for 2 floors!
 11821 | D:11     | Found a frozen archway.
 11837 | D:11     | HP: 32/70 [ice devil (4)]
 12000 | IceCv    | Entered an ice cave
 12098 | IceCv    | Noticed an ice statue
 12098 | IceCv    | Noticed an ice statue
 12169 | IceCv    | Killed an ice statue
 12323 | IceCv    | Killed an ice statue
 12323 | IceCv    | Reached skill level 10 in Dodging
 12323 | IceCv    | Reached XP level 11. HP: 50/50 MP: 15/15
 12355 | IceCv    | Killed a reaper
 12423 | IceCv    | HP: 28/75 [ice devil (11)]
 12691 | IceCv    | HP: 31/75 [ice devil (9)]
 12692 | IceCv    | HP: 8/75 [ice devil (11)]
 13004 | IceCv    | Reached skill level 5 in Evocations
 13130 | IceCv    | HP: 20/50 [something (8)]
 13821 | D:11     | Found a staircase to the Orcish Mines.
 13823 | D:11     | Noticed a two-headed ogre
 13847 | D:11     | Killed a two-headed ogre
 13967 | D:10     | Entered Level 10 of the Dungeon
 14990 | Lair:1   | Entered Level 1 of the Lair of Beasts
 15205 | Lair:1   | Noticed Gastronok
 15321 | Lair:1   | HP: 25/51 [poisoned by a water moccasin]
 15327 | Lair:1   | HP: 22/51 [poisoned by a water moccasin]
 15334 | Lair:1   | HP: 20/51 [poisoned by a water moccasin]
 15341 | Lair:1   | HP: 19/51 [poisoned by a water moccasin]
 15349 | Lair:1   | HP: 19/51 [poisoned by a water moccasin]
 16009 | Lair:1   | Killed Gastronok
 16009 | Lair:1   | Reached ****** piety under Trog
 16263 | Lair:2   | HP: 39/78 [hippogriff (1)]
 16266 | Lair:2   | Gained mutation: Your thick and shaggy fur keeps you warm. (AC +3, rC+) [Felid growth]
 16266 | Lair:2   | Reached XP level 12. HP: 28/56 MP: 17/17
 16763 | Lair:2   | Noticed a four-headed hydra
 16787 | Lair:2   | Killed a four-headed hydra
 17462 | Lair:2   | HP: 29/84 [spiny frog (22)]
 18208 | Lair:2   | Found a hole to the Spider Nest.
 18564 | Lair:1   | Noticed a four-headed hydra
 18570 | Lair:1   | Killed a four-headed hydra
 18798 | Lair:2   | HP: 14/56 [yak (15)]
 19298 | Lair:3   | Noticed an eight-headed hydra
 19301 | Lair:3   | Killed an eight-headed hydra
 19546 | Lair:3   | You fall through a shaft for 3 floors!
 19546 | Lair:6   | Entered Level 6 of the Lair of Beasts
 19886 | Lair:5   | Identified a scroll of acquirement
 19943 | Lair:4   | Noticed Josephine
 20255 | Lair:4   | Killed Josephine
 20627 | Lair:3   | Noticed an eight-headed hydra
 21094 | Lair:4   | Noticed Urug
 21110 | Lair:4   | Killed Urug
 21110 | Lair:4   | Reached XP level 13. HP: 60/60 MP: 19/19
 23001 | Lair:4   | Found a staircase to the Shoals.
 23083 | Lair:4   | Reached skill level 10 in Fighting
 23352 | Lair:5   | HP: 20/61 [six-headed hydra (12)]
 24044 | Lair:5   | Found a staircase to the Slime Pits.
 24866 | Lair:6   | HP: 24/61 [six-headed hydra (14)]
 24873 | Lair:6   | HP: 18/61 [blink frog (7)]
 24994 | Lair:6   | HP: 27/62 [hippogriff (6)]
 25486 | Lair:6   | Found a runed door.
 25494 | Lair:6   | HP: 27/62 [torpor snail (7)]
 26181 | Lair:6   | Reached XP level 14. HP: 66/66 MP: 22/22
 27003 | Lair:6   | HP: 49/99 [poisoned by a black mamba]
 27005 | Lair:6   | HP: 20/99 [hell hound/blast of flame (6)]
 27006 | Lair:6   | HP: 7/99 [black mamba (11)]
 27011 | Lair:6   | HP: 21/99 [poisoned by a black mamba]
 27011 | Lair:6   | Killed from afar by a hell hound
 27012 | Lair:6   | Reached XP level 13. HP: -4/93 MP: 21/21
 27019 | Lair:6   | HP: 42/93 [blink frog (14)]
 27026 | Lair:6   | HP: 40/93 [blink frog (3)]
 27035 | Lair:6   | HP: 18/62 [blink frog (10)]
 27046 | Lair:6   | HP: 17/62 [blink frog (4)]
 27084 | Lair:6   | HP: 32/93 [hornet (5)]
 27086 | Lair:6   | Paralysed by a hornet for 1 turns
 27088 | Lair:6   | HP: 14/93 [hornet (7)]
 27090 | Lair:6   | HP: 2/62 [hornet (8)]
 27580 | Lair:6   | HP: 31/62 [hornet (1)]
 27582 | Lair:6   | HP: 4/62 [lindwurm/blast of flame (17)]
 27582 | Lair:6   | Mangled by a hornet
 27583 | Lair:6   | Reached XP level 12. HP: -12/59 MP: 20/20
 27583 | Lair:6   | Quit the game

Skill      XL: |  1  2  3  4  5  6  7  8  9 10 11 12 13 |
---------------+----------------------------------------+-----
Stealth        | 2 4 3 5 6 7 9 10 12 13 14 | 14.5
Unarmed Combat | 2 4 3 6 7 9 10 12 13 14 | 14.7
Dodging        | 4 6 7 8 10 11 12 13 | 13.9
Fighting       | 2 3 4 5 6 7 8 9 10 | 10.7
Evocations     | 4 6 7 9 |  9.5

Action                   |  1- 3 |  4- 6 |  7- 9 | 10-12 | 13-15 || total
-------------------------+-------+-------+-------+-------+-------++-------
Melee: Unarmed           |   136 |   149 |   347 |   758 |   494 ||  1884
       Bite              |    13 |    12 |    39 |    79 |    43 ||   186
       Punch             |     1 |     4 |    12 |    40 |    29 ||    86
Invok: Berserk           |     1 |     7 |    16 |    54 |    38 ||   116
       Trog's Hand       |       |       |     2 |       |     3 ||     5
       Burn Spellbooks   |       |       |     1 |     3 |     2 ||     6
       Brothers in Arms  |       |       |       |     5 |     4 ||     9
 Abil: Evoke Flight      |       |       |     3 |     1 |       ||     4
Evoke: Wand              |     6 |     1 |     7 |    26 |    21 ||    61
  Use: Scroll            |       |    10 |    13 |     8 |     5 ||    36
       Potion            |       |       |       |       |     5 ||     5
 Stab: Sleeping          |     4 |     6 |    18 |    22 |     6 ||    56
       Distracted        |       |     3 |     1 |     2 |     1 ||     7
  Eat: Chunk             |    11 |    14 |    25 |    77 |    53 ||   180
       Royal jelly       |       |       |       |     1 |       ||     1
Armor: Skin              |    10 |     4 |     9 |    19 |    52 ||    94
Dodge: Dodged            |   108 |    94 |   247 |   558 |   458 ||  1465
